[Event "*** Titled Tuesday Blitz"]
[Site "Chess.com"]
[Date "2020.04.21"]
[Round "4"]
[White "Mazanchenko_Dmitry"]
[Black "Shazuli9878"]
[Result "0-1"]
[WhiteElo "2118"]
[BlackElo "2396"]
[TimeControl "180+1"]
[EndTime "10:40:17 PDT"]
[Termination "Shazuli9878 won on time"]

1. e4 c6 2. d4 d5 3. exd5 cxd5 4. c4 Nf6 5. Nc3 e6 6. Nf3 Bb4 7.
a3 Bxc3+ 8. bxc3 O-O 9. cxd5 exd5 10. Be2 Ne4 11. Qc2 Bf5 12. Bd3 Qc7 13. Bb2 Bg6 14.
O-O Nc6 15. Nh4 Rfe8 16. Nxg6 hxg6 17. c4 Qb6 18. Bxe4 dxe4 19. d5 Nd4 20. Bxd4 Qxd4 21. Rfd1 Qc5 22. Rab1 Rac8 23. Rxb7 e3 24. fxe3 Rxe3 25. Qf2 f6 26. Rb5 Qxa3 27. d6 Rd3 28. Rd5 Rxd5 29. cxd5 Qxd6 30. Qxa7 Rc5 31. h3 Kh7 32.
Qa2 Rb5 33. Qd2 Rb3 34. h4 Rb4 35. h5 gxh5 36. Qe2 Qc5+ 37. Qf2 Qxf2+ 38. Kxf2 Rb7 39. Kf3 Kg6 40. Ke4 Kf7 41. Kd4 Ke7 42. Kc5 Rb2 43. Rd4 Rc2+ 44. Kb6 Kd6 45. g3 Rb2+ 0-1

[Event "*** Titled Tuesday Blitz"]
[Site "Chess.com"]
[Date "2020.04.21"]
[Round "4"]
[White "MattyDPerrine"]
[Black "eldur16"]
[Result "1-0"]
[WhiteElo "2331"]
[BlackElo "2515"]
[TimeControl "180+1"]
[EndTime "10:40:18 PDT"]
[Termination "MattyDPerrine won on time"]

1. Nf3 g6 2. d4 Bg7 3. b3 f5 4. Bb2 Nf6 5. c4 O-O 6. e3 d6 7. Qc2 c6 8. Be2 Na6 9. Nbd2 Qc7 10.
Rc1 h6 11. a3 Bd7 12. O-O Rae8 13. Rfe1 g5 14. Bd3 e6 15. e4 fxe4 16. Nxe4 Nh5 17. Ng3 Nf4 18. Bf1 Qd8 19. Ne4 Bc8 20. c5 d5 21. Nd6 Re7 22. Ne5 Bxe5 23. dxe5 Rg7 24. g3 Ng6 25. Bd3 Ne7 26. Bd4 Nc7 27. Qe2 g4 28.
Be3 Nf5 29. Bxf5 exf5 30. Bxh6 Ne6 31. Bxg7 Kxg7 32. f4 Rh8 33. Qd3 Rh5 34. Nxf5+ Kh8 35. Ne3 Qg8 36. Qd2 Qg7 37. Ng2 1-0

[Event "*** Titled Tuesday Blitz"]
[Site "Chess.com"]
[Date "2020.04.21"]
[Round "4"]
[White "Rozum_Ivan"]
[Black "UCantHandleDenker"]
[Result "1/2-1/2"]
[WhiteElo "2729"]
[BlackElo "2528"]
[TimeControl "180+1"]
[EndTime "10:40:19 PDT"]
[Termination "Game drawn - insufficient material"]

1. d4 Nf6 2. g3 g6 3. Bg2 Bg7 4. e4 d6 5. Nc3 O-O 6. Nge2 e5 7.
h3 Nc6 8. Be3 exd4 9. Nxd4 Bd7 10.
O-O Re8 11. Kh2 a6 12. a4 Na5 13. Qd3 c5 14. Nde2 Bc6 15. Rad1 b5 16. axb5 axb5 17.
Qxd6 Qxd6 18. Rxd6 b4 19. Nd5 Bxd5 20. exd5 Nc4 21.
Rc6 Nxe3 22. fxe3 Rxe3 23. Nc1 Nh5 24. Rf3 Rxf3 25. Bxf3 Bxb2 26. Nd3 Bd4 27. Nxc5 Bxc5 28. Rxc5 Rb8 29. Bxh5 gxh5 30. d6 Rd8 31. Rd5 Kg7 32. Kg2 Kf6 33. Kf3 Ke6 34. Rxh5 Rxd6 35. Rc5 Rd2 36.
Kg4 Kf6 37. Rc6+ Kg7 38. Rc4 h6 39. Kf4 Kg6 40. g4 Rh2 41. Kg3 Rd2 42. Rc6+ f6 43. Rc4 b3 44. cxb3 Rd3+ 45. Kf4 Rxb3 46. h4 h5 47. gxh5+ Kxh5 48. Kf5 Rf3+ 49. Ke6 f5 50. Ke5 f4 51. Rxf4 Rxf4 52. Kxf4 Kxh4 1/2-1/2

[Event "*** Titled Tuesday Blitz"]
[Site "Chess.com"]
[Date "2020.04.21"]
[Round "4"]
[White "AnastasiaProtopopova"]
[Black "GelmanAlexander"]
[Result "0-1"]
[WhiteElo "2297"]
[BlackElo "2482"]
[TimeControl "180+1"]
[EndTime "10:40:19 PDT"]
[Termination "GelmanAlexander won on time"]

1. d4 Nf6 2. c4 c5 3. d5 b5 4. cxb5 a6 5. e3 e6 6. Nc3 exd5 7. Nge2 axb5 8. Nf4 b4 9. Ncxd5 Bb7 10. Bc4 Bd6 11. O-O O-O 12. Qd3 Nc6 13. Nb6 Bxf4 14. Nxa8 Bb8 15.
f4 Bxa8 16. e4 Nd4 17. e5 Nd5 18. Bxd5 Bxd5 19. Be3 Qb6 20. b3 d6 21. exd6 Bxd6 22. Rad1 Re8 23. Kh1 h5 24. Bxd4 Be4 25. Bxc5 Bxc5 26.
Qd7 Bc6 27. Qd2 h4 28. h3 Re3 29. Kh2 Rg3 30. Qd8+ Qxd8 31. Rxd8+ Kh7 32. Rd2 Be3 33. Rc2 Be4 34. Rb2 Bd3 35. Re1 Bxf4 36. Kh1 g5 37. Rd1 Kg6 38. Rxd3 Rxd3 39. Kg1 Bg3 0-1

[Event "*** Titled Tuesday Blitz"]
[Site "Chess.com"]
[Date "2020.04.21"]
[Round "4"]
[White "profofchess"]
[Black "Shivagami"]
[Result "1-0"]
[WhiteElo "2377"]
[BlackElo "2135"]
[TimeControl "180+1"]
[EndTime "10:40:19 PDT"]
[Termination "profofchess won on time"]

1. e4 c5 2. Nc3 e6 3. Nge2 d5 4. exd5 exd5 5. d4 Nf6 6. g3 Nc6 7. Bg2 Be6 8. O-O h6 9. Re1 Be7 10. dxc5 O-O 11. Na4 Re8 12. Nd4 Bf8 13. Nxe6 fxe6 14.
c3 Nd7 15. b4 Qf6 16. Bb2 d4 17. cxd4 Nxb4 18. d5 e5 19. Qb3 Na6 20. d6+ Kh8 21.
Qd5 Naxc5 22. Nxc5 Nxc5 23. Qxc5 Bxd6 24. Qd5 Rad8 25.
Qxb7 Rb8 26. Qf3 Rxb2 27. Qxf6 gxf6 28. Rad1 Bc5 29. Rf1 Reb8 30. Bd5 Rc2 31. Bb3 Rc3 32. Kg2 Bd4 33. Rc1 a5 34. Rxc3 Bxc3 35. Rc1 Bd4 36. Rc6 Kg7 37. Ra6 Bc3 38. Ra7+ Kg6 39. Bc2+ f5 40.
Ra6+ 1-0

[Event "*** Titled Tuesday Blitz"]
[Site "Chess.com"]
[Date "2020.04.21"]
[Round "4"]
[White "2nd_life"]
[Black "Rodalquilar"]
[Result "1-0"]
[WhiteElo "2412"]
[BlackElo "2604"]
[TimeControl "180+1"]
[EndTime "10:40:21 PDT"]
[Termination "2nd_life won by checkmate"]

1. e4 e5 2. f4 exf4 3. Nf3 Ne7 4. Nc3 c6 5. d4 d5 6. Bxf4 dxe4 7. Nxe4 Nd5 8. Bg3 Be7 9. c3 O-O 10. Bd3 f5 11.
Ned2 f4 12. Bf2 Bf5 13. Bxf5 Rxf5 14. Qc2 g6 15. O-O-O a5 16. h4 h5 17. Ne4 a4 18.
Ne5 Qe8 19. Rhe1 Nd7 20. g4 Rxe5 21. dxe5 hxg4 22. Nf6+ Bxf6 23. exf6 Qf7 24. h5 gxh5 25. Rxd5 cxd5 26. Re7 Rf8 27. Rxf7 Rxf7 28. Qg6+ Kf8 29. Qxh5 Nxf6 30. Qh6+ Kg8 31. Qxf4 Ne4 32. Qxg4+ Rg7 33. Qe6+ Kh7 34. Bd4 Rg1+ 35. Bxg1 Nxc3 36. Qe7+ Kg6 37. bxc3 Kf5 38. Qxb7 Ke4 39. Qb4+ Kd3 40. Qxa4 Ke2 41. Qd4 Kf1 42. Qxd5 Ke1 43. Qd2+ Kf1 44. Qf2# 1-0

[Event "*** Titled Tuesday Blitz"]
[Site "Chess.com"]
[Date "2020.04.21"]
[Round "4"]
[White "calin_dragomirescu"]
[Black "wadsy27"]
[Result "0-1"]
[WhiteElo "2300"]
[BlackElo "2482"]
[TimeControl "180+1"]
[EndTime "10:40:21 PDT"]
[Termination "wadsy27 won by resignation"]

1. Nf3 d5 2. c4 c6 3. e3 Nf6 4. d4 Bf5 5. Nc3 e6 6. Nh4 Bg4 7. Qb3 Qb6 8. h3 Bh5 9. g4 Bg6 10. Nxg6 hxg6 11. Bg2 Nbd7 12. c5 Qxb3 13. axb3 a6 14.
b4 O-O-O 15. Bd2 Be7 16. f4 Rde8 17. O-O-O Bd8 18. g5 Ng8 19. h4 Ne7 20. e4 dxe4 21. Nxe4 Bc7 22. Bc3 Bxf4+ 23. Kc2 Nd5 24. Bd2 Bc7 25.
Rdf1 f5 26. gxf6 gxf6 27. Nc3 Nxb4+ 28. Kb3 Nd5 29. Be4 f5 30. Bf3 N7f6 31. Bg5 Bd8 32. Nxd5 Nxd5 33. Bxd8 Kxd8 34. Rfg1 Rh6 35. Rg5 Reh8 36.
Rhg1 Ne7 37. h5 gxh5 38. Re1 h4 39. Rg7 h3 40. Bh1 h2 41. Re2 Kd7 42. d5 cxd5 43.
Bxd5 h1=Q 44. Bxh1 Rxh1 45. Rd2+ Ke8 46. Re2 R1h3+ 47.
Ka2 R3h6 48. Rg3 Rg8 49. Rb3 f4 50. Rxb7 f3 51. Rf2 Rf6 52. Rc7 Rg5 53. c6 Rc5 54. b4 Rxc6 0-1

[Event "*** Titled Tuesday Blitz"]
[Site "Chess.com"]
[Date "2020.04.21"]
[Round "4"]
[White "Blitzking642"]
[Black "Grineva_Marianna"]
[Result "1-0"]
[WhiteElo "2421"]
[BlackElo "2178"]
[TimeControl "180+1"]
[EndTime "10:40:21 PDT"]
[Termination "Blitzking642 won by checkmate"]

1. d4 g6 2. c4 Bg7 3. e4 d6 4. Nf3 Nf6 5. Nc3 O-O 6. Be2 e5 7. d5 a5 8. Bg5 Nbd7 9. Nd2 h6 10. Be3 Kh7 11. a3 Ng8 12. O-O f5 13. f3 Ndf6 14. b4 b6 15. Qc2 h5 16. c5 Bh6 17. Bxh6 Nxh6 18. cxb6 cxb6 19. Nb5 Rf7 20. Rac1 Ba6 21.
bxa5 bxa5 22. Qc6 Bxb5 23. Qxb5 Rb8 24. Qc6 Rb6 25. Qc3 a4 26. Bd3 Rfb7 27. Qc8 Qxc8 28. Rxc8 Rb2 29. Nc4 R2b3 30. Na5 Rxd3 31. Nxb7 Rxa3 32.
Nxd6 Rb3 33. Ra1 a3 34. Rc7+ Kg8 35. Ra7 fxe4 36. fxe4 Rb6 37. Nc4 Rb4 38. Nxe5 Nxe4 39. Nxg6 Nf5 40. R7xa3 Rb2 41. Ra7 Ne3 42. Nf4 Rf2 43.
g3 Rf3 44. Re7 Nd2 45. Ra8# 1-0

[Event "*** Titled Tuesday Blitz"]
[Site "Chess.com"]
[Date "2020.04.21"]
[Round "4"]
[White "poliplaza"]
[Black "MikeSailer"]
[Result "1-0"]
[WhiteElo "2413"]
[BlackElo "2138"]
[TimeControl "180+1"]
[EndTime "10:40:21 PDT"]
[Termination "poliplaza won by checkmate"]

1. d4 d5 2. c4 Bf5 3. Nc3 e6 4. Nf3 Nc6 5. Bf4 Bb4 6. e3 Nf6 7. cxd5 Nxd5 8. Rc1 Nxf4 9. exf4 Qd6 10. Bb5 O-O 11.
O-O Qxf4 12. Bxc6 bxc6 13. Qa4 Bxc3 14. Rxc3 Be4 15. Ne5 Rab8 16. Nd7 Rb5 17. Nxf8 Kxf8 18. d5 exd5 19. f3 Qd2 20. fxe4 Rxb2 21. Qa3+ Kg8 22. Rg3 h6 23. Qe7 Qd4+ 24. Kh1 dxe4 25. Qxf7+ Kh8 26. Qf8+ Kh7 27. Qf5+ Kh8 28. h3 Rxa2 29. Qf8+ Kh7 30. Qf5+ Kh8 31. Qf4 Ra1 32. Rxa1 Qxa1+ 33. Kh2 Qd4 34.
Rg4 c5 35. Qxe4 Qd6+ 36. Rg3 c6 37. Qe8+ Kh7 38. Qe4+ Kh8 39. Qg4 Kh7 40. Qxg7# 1-0

[Event "*** Titled Tuesday Blitz"]
[Site "Chess.com"]
[Date "2020.04.21"]
[Round "4"]
[White "stanyga"]
[Black "penguingm1"]
[Result "1/2-1/2"]
[WhiteElo "2716"]
[BlackElo "2855"]
[TimeControl "180+1"]
[EndTime "10:40:22 PDT"]
[Termination "Game drawn by repetition"]

1. e4 e5 2. Nf3 Nc6 3. Bb5 g6 4. c3 a6 5. Ba4 Bg7 6. d4 exd4 7. cxd4 b5 8. Bb3 Na5 9. a4 Bb7 10. O-O Ne7 11. Re1 O-O 12. Nc3 b4 13. Na2 Nxb3 14.
Qxb3 a5 15. Bg5 h6 16. Bh4 d6 17. Rad1 Re8 18. Nc1 Qc8 19. Nd3 g5 20. Bg3 g4 21.
Nh4 Nc6 22. Nf5 Nxd4 23. Nxd4 Bxd4 24. Nf4 Bg7 25. Nh5 Qe6 26. Qc2 Rac8 27. Nxg7 Kxg7 28. e5 d5 29. Bh4 c5 30. Bf6+ Kg8 31. Qd2 Kh7 32.
Qd3+ Kg8 33. Qe3 Kh7 34. Qd3+ Kg8 35. Qd2 Kh7 36. Qd3+ 1/2-1/2

[Event "*** Titled Tuesday Blitz"]
[Site "Chess.com"]
[Date "2020.04.21"]
[Round "4"]
[White "Volodar_Murzin"]
[Black "Steven_Rojas"]
[Result "1-0"]
[WhiteElo "2628"]
[BlackElo "2411"]
[TimeControl "180+1"]
[EndTime "10:40:22 PDT"]
[Termination "Volodar_Murzin won by checkmate"]

1. d4 d5 2. Nf3 Nf6 3. Bf4 e6 4. Nbd2 c5 5. e3 Nc6 6. c3 Bd6 7. Bg3 O-O 8. Bd3 b6 9. O-O Bb7 10. Bb5 Ne7 11. Bxd6 Qxd6 12. Ne5 Nf5 13. Bd3 Qc7 14. Qe2 Nd6 15. f4 Nfe4 16. Bxe4 Nxe4 17. Nxe4 dxe4 18. Kh1 Bd5 19. Qe1 f6 20. Ng4 Bc4 21. Rg1 e5 22. fxe5 h5 23. Nf2 fxe5 24. dxc5 Qxc5 25.
Nxe4 Qc6 26. Qh4 Bd5 27. Ng5 Qg6 28. Rad1 Rad8 29. Nf3 Bxf3 30. Rxd8 Bd5 31. Rxf8+ Kh7 32. Rf2 Bxa2 33. e4 Be6 34. Rgf1 Bg4 35. Rf5 Qe6 36. Rxh5+ Bxh5 37. Qxh5+ Kg8 38. Qf5 Qc4 39. Qf8+ Kh7 40. Qf3 Kg8 41. h3 a5 42. Rd1 Kh7 43. Qh5+ Kg8 44. Rd8# 1-0

[Event "*** Titled Tuesday Blitz"]
[Site "Chess.com"]
[Date "2020.04.21"]
[Round "4"]
[White "afgano29"]
[Black "Pomegranate988"]
[Result "1/2-1/2"]
[WhiteElo "2648"]
[BlackElo "2489"]
[TimeControl "180+1"]
[EndTime "10:40:23 PDT"]
[Termination "Game drawn by agreement"]

1. e4 c6 2. d4 d5 3. Nc3 dxe4 4. Nxe4 Nf6 5. Nxf6+ exf6 6. c3 Bd6 7. Bd3 O-O 8.
Qc2 Re8+ 9. Ne2 h5 10. Be3 Nd7 11. O-O-O Nf8 12. Kb1 Be6 13. Ng3 h4 14. Nf5 b5 15. Nxh4 Qa5 16. b3 Qc7 17. Nf5 Bxf5 18. Bxf5 a5 19. h4 c5 20. h5 a4 21. dxc5 Bxc5 22.
Bd4 axb3 23. Qxb3 Bxd4 24. Rxd4 Qe5 25. Bc2 Ra7 26. h6 g6 27. h7+ Kh8 28. Re4 Qb8 29.
Rxe8 Qxe8 30. Bd3 Nxh7 31. Bxb5 Qe4+ 32. Ka1 Qxg2 33. Rd1 Qxf2 34. c4 Kg7 35. Qb2 Qc5 36. a4 Ng5 37. Rd5 Qg1+ 38. Ka2 Ne4 39. Qd4 Qg2+ 40. Ka3 Qf3+ 41. Kb4 Re7 42. a5 Qe2 43. a6 Qe1+ 44. Kb3 Qb1+ 45. Qb2 Qg1 46. Kb4 Qe1+ 47.
Kb3 Qe3+ 48. Kb4 g5 49. Qd4 Qe1+ 50. Kb3 Qb1+ 51. Ka3 Qc1+ 52. Kb3 Qb1+ 53. Ka3 Qc1+ 54. Kb3 1/2-1/2

[Event "*** Titled Tuesday Blitz"]
[Site "Chess.com"]
[Date "2020.04.21"]
[Round "4"]
[White "vovachesss"]
[Black "BIG_Pirate"]
[Result "1-0"]
[WhiteElo "2620"]
[BlackElo "2391"]
[TimeControl "180+1"]
[EndTime "10:40:23 PDT"]
[Termination "vovachesss won on time"]

1. d4 d5 2. Nc3 Nf6 3. Bf4 Bf5 4.
e3 a6 5. Nf3 e6 6. Ne5 h6 7. g4 Bh7 8. Bd3 Bxd3 9. Qxd3 Nbd7 10. f3 c5 11. O-O-O cxd4 12. exd4 Bb4 13. h4 Qa5 14. g5 Nh5 15. Bd2 Nxe5 16. dxe5 g6 17.
a3 Bxc3 18. Bxc3 Qc7 19. gxh6 Rxh6 20. Qe3 Rh8 21. Bb4 Rc8 22. Rh2 Ng7 23. Rd3 Nf5 24.
Qd2 Qd8 25. Rc3 Rxc3 26. Qxc3 Rxh4 27. Rxh4 Qxh4 28. Qc8+ Qd8 29. Qxb7 Ne3 30. Qxa6 Nc4 31. b3 Nxe5 32. a4 Nxf3 33. a5 g5 34. Qb5+ Qd7 35.
Qb8+ Qd8 36. Qb7 Nd4 37. a6 1-0

[Event "*** Titled Tuesday Blitz"]
[Site "Chess.com"]
[Date "2020.04.21"]
[Round "4"]
[White "GukeshDommaraju"]
[Black "marcodobrikov"]
[Result "1-0"]
[WhiteElo "2685"]
[BlackElo "2503"]
[TimeControl "180+1"]
[EndTime "10:40:24 PDT"]
[Termination "GukeshDommaraju won by checkmate"]

1. e4 c5 2. Nf3 d6 3. d4 cxd4 4. Nxd4 Nf6 5. Nc3 a6 6. g3 b5 7. a4 b4 8. Nd5 e5 9. Nf5 Be6 10. Nxf6+ gxf6 11. Ne3 Nd7 12. Bg2 a5 13. O-O Rc8 14.
f4 Nb6 15. b3 Qc7 16. f5 Bd7 17. Bd2 Qc5 18. Kh1 Bc6 19. Rc1 d5 20. c3 bxc3 21. Rxc3 Qd4 22. Qc2 Bb7 23. Rxc8+ Bxc8 24. Nxd5 Nxd5 25.
Qxc8+ Ke7 26. Qb7+ Ke8 27. Qxd5 Qxd5 28. exd5 Bc5 29.
Bxa5 Kd7 30. b4 Bd4 31. Rc1 Ra8 32. Rc7+ Kd6 33. Rxf7 Rc8 34. Rxf6+ Ke7 35. Rc6 Rf8 36. d6+ Kd7 37. Be4 h5 38. b5 Ra8 39. Rc7+ Kxd6 40.
Bxa8 h4 41. gxh4 e4 42. Bxe4 Ke5 43. Re7+ Kf6 44. Re6+ Kf7 45. b6 Bxb6 46. Bxb6 Kg7 47. a5 Kh7 48. a6 Kg7 49. a7 Kf7 50. a8=Q Kg7 51. Qb7+ Kf8 52. Bc5+ Kg8 53. Re8# 1-0

[Event "*** Titled Tuesday Blitz"]
[Site "Chess.com"]
[Date "2020.04.21"]
[Round "4"]
[White "Szparu"]
[Black "LilRag"]
[Result "1-0"]
[WhiteElo "2570"]
[BlackElo "2343"]
[TimeControl "180+1"]
[EndTime "10:40:25 PDT"]
[Termination "Szparu won by resignation"]

1. e4 c5 2. Nf3 e6 3. d4 cxd4 4. Nxd4 Nf6 5. Nc3 Nc6 6. Ndb5 d6 7. Bf4 e5 8. Bg5 a6 9. Na3 b5 10. Nd5 Be7 11. Bxf6 Bxf6 12. c3 O-O 13. Nc2 Be6 14. a4 Rb8 15. axb5 axb5 16. Ra6 Bxd5 17. Qxd5 Ne7 18. Qxd6 Qc8 19. Be2 Rd8 20. Qa3 Ng6 21.
O-O Nf4 22. Bf3 Rd3 23. Ne3 b4 24. Qa5 bxc3 25. bxc3 Rxc3 26. g3 Nh3+ 27. Kg2 Ng5 28. Bg4 Qb7 29. Qxc3 Qxa6 30. f3 Rc8 31. Qb2 Qd3 32.
Bxc8 Qxe3 33. h4 Nxe4 34. fxe4 Qxe4+ 35. Rf3 h5 36. Bb7 Qe1 37. Rf1 Qa5 38. Bc6 e4 39. Qe2 Qe5 40. Bxe4 Qd4 41. Rd1 Qb6 42. Rc1 g6 43.
Rc8+ Kg7 44. Rc6 Qb2 45. Qxb2 Bxb2 46. Rb6 Bd4 47. Rb7 Be5 48. Bd5 1-0

[Event "*** Titled Tuesday Blitz"]
[Site "Chess.com"]
[Date "2020.04.21"]
[Round "4"]
[White "andy_rekt"]
[Black "BasilSmash"]
[Result "1-0"]
[WhiteElo "2274"]
[BlackElo "2427"]
[TimeControl "180+1"]
[EndTime "10:40:25 PDT"]
[Termination "andy_rekt won on time"]

1. d4 d5 2. c4 e6 3. Nc3 Be7 4.
Nf3 Nf6 5. Bf4 O-O 6. e3 b6 7. Rc1 Bb7 8. a3 c5 9. cxd5 Nxd5 10. Nxd5 exd5 11. Bd3 Nd7 12. O-O h6 13. Ne5 Nxe5 14. Bxe5 Bd6 15. Bxd6 Qxd6 16. dxc5 bxc5 17. Bb1 Rac8 18. Qd3 g6 19. Rfd1 Qb6 20. Qd2 Kg7 21.
b4 cxb4 22. axb4 Rfd8 23. h4 Rxc1 24. Qxc1 d4 25. exd4 Qxb4 26. Qe3 Qd6 27. h5 Qd5 28. f3 Qxh5 29. Qe7 Bxf3 30. Qxd8 Bxd1 31. Qc7 Qe2 32. Qxa7 Qe1+ 33. Kh2 Qh4+ 34. Kg1 Be2 35.
Qc5 Qe1+ 36. Kh2 Qxb1 37. Qe5+ 1-0

[Event "*** Titled Tuesday Blitz"]
[Site "Chess.com"]
[Date "2020.04.21"]
[Round "4"]
[White "1f3_2g41-0"]
[Black "zajka-molotok"]
[Result "1-0"]
[WhiteElo "2182"]
[BlackElo "2402"]
[TimeControl "180+1"]
[EndTime "10:40:25 PDT"]
[Termination "1f3_2g41-0 won by resignation"]

1. e4 e6 2. d4 d5 3. Nc3 Bb4 4.
exd5 exd5 5. Bd3 Nc6 6. Nf3 Nge7 7. O-O Bg4 8. a3 Bxc3 9. bxc3 h6 10. h3 Bh5 11. g4 Bg6 12. Ne5 O-O 13. f4 Bxd3 14.
Qxd3 f6 15. Nf3 f5 16. g5 h5 17. a4 Nc8 18. Ba3 Nd6 19. Ne5 Na5 20. Qf3 Ne4 21.
Bxf8 Qxf8 22. Qxh5 c5 23. g6 Nf6 24. Qxf5 Re8 25.
Rae1 cxd4 26. cxd4 Qb4 27. Nf3 Rf8 28. Qe6+ Kh8 29.
Re5 Nc6 30. Rxd5 Qc4 31. Rh5+ Nxh5 32. Qxc4 Nxf4 33. Kh2 Nxg6 34. Qe6 Nce7 35. Qc4 Rf6 36. Ne5 Rxf1 37. Qxf1 Nxe5 38. dxe5 Kg8 39. Qc4+ Kf8 40. Qc7 Kf7 41. Qxb7 Ke6 42. Qxa7 Nf5 43. Qc5 Ne7 44. a5 1-0

[Event "*** Titled Tuesday Blitz"]
[Site "Chess.com"]
[Date "2020.04.21"]
[Round "4"]
[White "tteshan"]
[Black "INLOVEWITHF"]
[Result "1-0"]
[WhiteElo "2243"]
[BlackElo "2514"]
[TimeControl "180+1"]
[EndTime "10:40:25 PDT"]
[Termination "tteshan won on time"]

1. d4 Nf6 2. c4 g6 3. Nc3 Bg7 4. e4 d6 5. f3 O-O 6. Be3 c5 7. d5 e6 8. Nge2 exd5 9. cxd5 a6 10. a4 Nbd7 11. Ng3 Ne5 12. Be2 Bd7 13. O-O b5 14. axb5 axb5 15. Bxb5 Bxb5 16. Nxb5 Nc4 17. Rxa8 Qxa8 18.
Bf4 Qa6 19. Qb3 Ne5 20. Na3 Nfd7 21. Nc2 Rb8 22. Qa3 Qc4 23. Ne3 Qb5 24. Rb1 Nd3 25.
Bxd6 Bd4 26. Nf1 Bxb2 27. Qa7 Rb7 28. Qa8+ Kg7 29. Qe8 c4 30. Ng4 h5 31. Nge3 c3 32. Rd1 Bc1 33. Nc2 Qb3 34. Nd4 Qxd1 35. Bf8+ 1-0

[Event "*** Titled Tuesday Blitz"]
[Site "Chess.com"]
[Date "2020.04.21"]
[Round "4"]
[White "eightbyeightchess"]
[Black "EvgenyRomanov"]
[Result "0-1"]
[WhiteElo "2444"]
[BlackElo "2645"]
[TimeControl "180+1"]
[EndTime "10:40:26 PDT"]
[Termination "EvgenyRomanov won by resignation"]

1. e4 e5 2. Nf3 Nc6 3. Bb5 a6 4.
Ba4 Nge7 5. c3 g6 6. d4 b5 7. Bb3 Bg7 8. O-O exd4 9. cxd4 O-O 10. Nc3 d6 11. h3 Na5 12. Bc2 c5 13. Bg5 h6 14.
Bh4 g5 15. Bg3 Nac6 16. dxc5 dxc5 17. Qe2 Nd4 18. Nxd4 cxd4 19. Nd5 Nxd5 20. exd5 f5 21. f4 Re8 22. Qh5 Re3 23. fxg5 Rxg3 24. gxh6 Rg5 25.
h7+ Kh8 26. Qf3 Be5 27. Rae1 Qd6 28. Qe2 Bg7 29. Qe8+ Kxh7 30. Re7 Bb7 31. Qf7 Bxd5 32. Bxf5+ Kh8 33. Re8+ Rxe8 34. Qxe8+ Qf8 35. Qd7 Rxg2+ 36. Kh1 Rf2+ 37. Qxd5 Rxf1+ 38. Kg2 Rxf5 0-1

[Event "*** Titled Tuesday Blitz"]
[Site "Chess.com"]
[Date "2020.04.21"]
[Round "4"]
[White "chessfrendz"]
[Black "jonaszmb"]
[Result "1-0"]
[WhiteElo "2368"]
[BlackElo "2456"]
[TimeControl "180+1"]
[EndTime "10:40:26 PDT"]
[Termination "chessfrendz won by resignation"]

1. d4 Nf6 2. Nf3 e6 3. Bf4 d5 4. e3 c5 5. c3 Nc6 6. Nbd2 cxd4 7. exd4 Nh5 8. Be3 Bd6 9. g3 O-O 10. Ne5 Nf6 11. f4 Ne4 12. Nxe4 dxe4 13. Nxc6 bxc6 14.
Bc4 Rb8 15. Qe2 Qa5 16. O-O c5 17. Rad1 cxd4 18. b4 d3 19. Qxd3 exd3 20. bxa5 Bb7 21. Rxd3 Rfd8 22. Bxa7 Rbc8 23. Bb6 Bc5+ 24. Bxc5 Rxd3 25.
Bxd3 Rxc5 26. Rb1 Bc8 27. Rb8 Kf8 28. Ba6 Ke7 29. Rxc8 Rxa5 30. Bc4 Ra3 31. Bb3 Kf6 32. c4 h6 33. Rc5 g5 34. Kf2 Ra7 35. Kf3 Rd7 36.
Ke3 gxf4+ 37. gxf4 Kg6 38. Bc2+ f5 39. Rc6 Kf6 40. a4 Rb7 41. a5 Rb2 42. Kd2 Ra2 43.
a6 h5 44. Rb6 h4 45. c5 Ke7 46. Rb7+ Kd8 47. a7 Kc8 48. Rb8+ 1-0

[Event "*** Titled Tuesday Blitz"]
[Site "Chess.com"]
[Date "2020.04.21"]
[Round "4"]
[White "Keks2017"]
[Black "I_Hit_18K_on_BS"]
[Result "1-0"]
[WhiteElo "2398"]
[BlackElo "2100"]
[TimeControl "180+1"]
[EndTime "10:40:26 PDT"]
[Termination "Keks2017 won by checkmate"]

1. e4 c5 2. d3 Nc6 3. g3 g6 4. Bg2 Bg7 5. f4 d6 6. Nf3 e6 7. O-O Nge7 8. c3 O-O 9. Be3 b6 10. Bf2 Bb7 11. Re1 d5 12. e5 Rb8 13. Nbd2 d4 14.
c4 Nb4 15. Nf1 a6 16. a3 Nbc6 17. g4 b5 18. b3 b4 19. a4 Na5 20. Ng3 Bc6 21. Ng5 h6 22. N5e4 Bxe4 23. Nxe4 Kh8 24. Nxc5 Rb6 25. Rb1 Qc7 26. Ne4 Nec6 27. Qd2 Rd8 28. Bg3 Ne7 29. Qf2 Nac6 30. Bh4 Rf8 31. Bf6 Nb8 32. Qh4 Kg8 33. Bxe7 Re8 34. Bf6 Nd7 35.
Bxg7 Kxg7 36. Nf6 Qd8 37. Nxe8+ Qxe8 38. f5 exf5 39. gxf5 Nxe5 40. Qe4 f6 41. fxg6 Qxg6 42. Qxg6+ Nxg6 43. Be4 Ne5 44. Kh1 Kf7 45. Bf5 Rd6 46. Rf1 Rc6 47. Rbe1 Rd6 48. Rf4 Ke7 49. Rg1 a5 50. Rg7+ Kf8 51. Ra7 Rd8 52. Be4 Re8 53.
Rxf6+ Kg8 54. Bd5+ Nf7 55. Bxf7+ Kh8 56. Bxe8 h5 57.
Rf8# 1-0

[Event "*** Titled Tuesday Blitz"]
[Site "Chess.com"]
[Date "2020.04.21"]
[Round "4"]
[White "chidori_boruto"]
[Black "Anton_Demchenko"]
[Result "0-1"]
[WhiteElo "2640"]
[BlackElo "2840"]
[TimeControl "180+1"]
[EndTime "10:40:27 PDT"]
[Termination "Anton_Demchenko won on time"]

1. d4 Nf6 2. Bf4 g6 3. e3 Bg7 4.
Nf3 O-O 5. Be2 d6 6. h3 Nbd7 7. O-O b6 8. a4 a6 9. c4 a5 10.
Nc3 Bb7 11. Rc1 Ne4 12. Nxe4 Bxe4 13. Nd2 Bb7 14. Bf3 Qc8 15. Bg3 e5 16. Bxb7 Qxb7 17. Qf3 Qxf3 18. Nxf3 Rfe8 19. Rfd1 Rad8 20. Bh4 f6 21.
dxe5 dxe5 22. Rd5 Nc5 23. Ra1 g5 24. Bg3 Rxd5 25. cxd5 Rd8 26. Rd1 Nxa4 27. Rd2 Nc5 28. h4 h6 29. hxg5 hxg5 30. Rd1 c6 31. d6 Bf8 32. Nxe5 fxe5 33. Bxe5 Kf7 34. f4 Ke6 35.
Kf2 gxf4 36. exf4 Bxd6 37. Bxd6 Rxd6 38. Re1+ Kf6 39. Kf3 Rd3+ 40. Kg4 Rb3 41. Rh1 Rxb2 42. g3 Kg7 43. Kf5 a4 44. g4 a3 45. g5 a2 46. g6 Kg8 47. Rh7 a1=Q 0-1

[Event "*** Titled Tuesday Blitz"]
[Site "Chess.com"]
[Date "2020.04.21"]
[Round "4"]
[White "TengisChess"]
[Black "swayamsm"]
[Result "1-0"]
[WhiteElo "2468"]
[BlackElo "2671"]
[TimeControl "180+1"]
[EndTime "10:40:27 PDT"]
[Termination "TengisChess won by resignation"]

1. Nf3 e6 2. g3 b6 3. Bg2 Bb7 4. O-O c5 5. c4 Nf6 6. Nc3 Be7 7. d4 cxd4 8. Nxd4 Bxg2 9. Kxg2 O-O 10. Bg5 Qc8 11.
Rc1 Qxc4 12. e4 Bc5 13. Bxf6 gxf6 14. Ncb5 Qb4 15. a3 Qxb2 16. Rb1 Qa2 17. Qg4+ Kh8 18. Qf4 Be7 19. Nc7 e5 20. Qg4 exd4 21. Nxa8 Rg8 22. Qf5 Qxa3 23. Nc7 Qd6 24. Nb5 Qe5 25. Nxa7 Bc5 26. Qf3 Re8 27. Rfe1 Na6 28. Nb5 Nb4 29. Red1 Nc6 30. Kg1 Kg7 31. Qg4+ Kf8 32. Qxd7 Qxe4 33. Re1 Qxe1+ 34. Rxe1 Rxe1+ 35. Kg2 Ne5 36. Qd8+ Kg7 37. Nc7 Nc4 38. Ne8+ Rxe8 39. Qxe8 d3 40. Kf1 d2 41.
Ke2 Bb4 42. Qe4 Nb2 43. Qg4+ Kf8 44. Qxb4+ 1-0

[Event "*** Titled Tuesday Blitz"]
[Site "Chess.com"]
[Date "2020.04.21"]
[Round "4"]
[White "anon132639"]
[Black "JoachimMouhamad"]
[Result "0-1"]
[WhiteElo "2584"]
[BlackElo "2372"]
[TimeControl "180+1"]
[EndTime "10:40:27 PDT"]
[Termination "JoachimMouhamad won on time"]

1. d4 Nf6 2. c4 g6 3. Nf3 Bg7 4. Nc3 d5 5. e3 O-O 6. cxd5 Nxd5 7. Bc4 Nb6 8. Be2 Nc6 9. O-O e5 10. d5 Na5 11. e4 Nac4 12. b3 Nd6 13. a4 a6 14. a5 Nd7 15. b4 h6 16. Ba3 f5 17.
Nd2 Nf6 18. f3 Nh5 19. b5 Nf4 20. bxa6 bxa6 21. Nc4 Qg5 22. g3 Rd8 23. Kh1 Nxe2 24. Qxe2 fxe4 25. Nxe4 Nxe4 26. fxe4 Bh3 27. Rf2 Bf8 28.
Bc1 Qe7 29. Be3 Qg7 30. Qd2 Kh7 31. Qc3 Bd6 32. Raa2 Rf8 33. Rab2 Rxf2 34. Rxf2 Rb8 35. Rb2 Rf8 36. Rf2 Rb8 37. Rb2 Qf7 38. Rf2 Rb1+ 39. Bc1 Qxf2 0-1